 Dungeon Sprint DCSS version 0.30-a0-223-gcb0039aa0c (webtiles) character file.

Game seed: 9365003683395190342

23494 mhtbhm the Bludgeoner (level 12, -18/199 HPs)
             Began as an Armataur Berserker on Oct 9, 2022.
             Was the Champion of Trog.
             Demolished by a stone giant (30 damage)
             ... in the Dungeon (Sprint IX: "|||||||||||||||||||||||||||||").
             The game lasted 00:05:37 (2680 turns).

mhtbhm the Bludgeoner (Armataur Berserker)          Turns: 2680, Time: 00:05:39

Health: -18/199    AC: 17    Str: 32    XL:     12   Next: 72%
Magic:  12/12      EV: 10    Int: 10    God:    Trog [******]
Gold:   1629       SH:  0    Dex:  7    Spells: 11/11 levels left

rFire   + + .      SeeInvis .    a - +8 great mace of the Crafting Penguin {spect, Will+ Int+2}
rCold   . . .      Faith    .    (shield currently unavailable)
rNeg    . . .      Spirit   .    b - +0 swamp dragon scales
rPois   +          Reflect  .    B - +1 hat of the Blessed Realm {rPois rF++ Str+2 Dex-3}
rElec   .          Harm     .    x - scarf {repulsion}
rCorr   .          Roll     +    u - +0 pair of gloves
Will    +....      NoTele   +    (no barding)
Stlth   ..........               (no amulet)
HPRegen 0.53/turn                m - +3 ring of strength
MPRegen 0.13/turn                n - +2 ring of protection

@: berserking, repel missiles, very quick
A: large, rugged brown scales 3, deformed body, armoured tail, roll, long
tongue, awkward tongue
a: Renounce Religion, Berserk, Trog's Hand, Brothers in Arms


You were in the Dungeon.
You worshipped Trog.
Trog was exalted by your worship.
You visited 1 branch You collected 1906 gold pieces.
You spent 277 gold pieces at shops.

Inventory:

Hand Weapons
 a - the +8 great mace of the Crafting Penguin (weapon) {spect, Will+ Int+2}
   (You found it in the Dungeon)

   When its wielder attacks, the weapon's spirit leaps out and strikes again.
   The spirit shares a part of any damage it takes with its wielder.
   Int:       It affects your intelligence (+2).
   Will:      It increases your willpower.
Armour
 b - +0 swamp dragon scales (worn)
 u - a +0 pair of gloves (worn)
 x - a scarf of repulsion (worn)
 B - the +1 hat of the Blessed Realm (worn) {rPois rF++ Str+2 Dex-3}
   (You found it in the Dungeon)

   Str:       It affects your strength (+2).
   Dex:       It affects your dexterity (-3).
   rF:        It greatly protects you from fire.
   rPois:     It protects you from poison.
Jewellery
 k - a ring of willpower
 m - a +3 ring of strength (left hand)
 n - a +2 ring of protection (right hand)
 y - a ring of willpower
 A - a ring of protection from fire
Wands
 j - a wand of quicksilver (4)
Scrolls
 h - 3 scrolls of blinking
 p - 3 scrolls of identify
 r - 3 scrolls of fear
 s - 4 scrolls of enchant armour
 t - a scroll of fog
 v - a scroll of magic mapping {unknown}
Potions
 c - 8 potions of curing
 d - 6 potions of heal wounds
 e - 2 potions of haste
 f - 4 potions of magic
 g - 3 potions of berserk rage
 i - a potion of invisibility
 o - 3 potions of might
 w - a potion of attraction {unknown}
Miscellaneous
 q - a phantom mirror


   Skills:
 + Level 17.5 Fighting
 + Level 19.9 Maces & Flails
 + Level 18.3 Armour
 + Level 5.1 Dodging
 + Level 4.5 Stealth
 + Level 5.0 Evocations


You had 11 spell levels left.
You didn't know any spells.
Your spell library was empty.

Dungeon Overview and Level Annotations

Branches:
Dungeon (1/1)

Altars:
Cheibriados
Dithmenos
Elyvilon
Fedhas
Gozag
Hepliaklqana
Kikubaaqudgha
Makhleb
Nemelex Xobeh
Okawaru
Qazlal
Ru
Sif Muna
Trog
Uskayaw
Vehumet
Wu Jian
Xom
Yredelemnul
Zin
The Shining One
Jiyva
Lugonu

Shops:
D *[[(


Innate Abilities, Weirdness & Mutations

You are completely covered in rugged brown scales. (AC +3, +7% HP)
Armour fits poorly on your strangely shaped body.
You have a long armoured tail.
You roll when moving toward enemies. (Rampage)
Your long tongue fully drains potion bottles. (2x potion effects)
Your tongue gives you trouble enunciating. (1.5x scroll delay)


Message History

You kill the ice dragon!
Trog accepts your kill.
You thump the ice dragon!
Your tail-slap misses the ice dragon.
The ice dragon is lightly wounded.
You bludgeon the ice dragon!!
The ice dragon is heavily wounded.
The ice dragon bites you but does no damage.
The ice dragon claws you but does no damage.
The ice dragon tramples you but does no damage.
You barely miss the ice dragon. You tail-slap the ice dragon.
The ice dragon is heavily wounded.
The spriggan berserker invokes Trog's protection!
Unknown command.
You sock the ice dragon!
You tail-slap the ice dragon, but do no damage.
The ice dragon is severely wounded.
The ice dragon barely misses you.
The ice dragon claws you but does no damage.
The ice dragon tramples you!
* * * LOW HITPOINT WARNING * * *
You stumble backwards!
You hammer the ice dragon like a gong!!!
You feel the power of Trog in you as your rage grows.
You kill the ice dragon!
Trog accepts your kill.
Unknown command.
You roll towards the stone giant!
You hit the stone giant.
The stone giant is lightly wounded.
The stone giant hits you!
* * * LOW HITPOINT WARNING * * *
You bludgeon the stone giant!!
The stone giant is moderately wounded.
You bludgeon the stone giant!!
You tail-slap the stone giant, but do no damage.
The stone giant is severely wounded.
The vampire mage casts a spell.
The vampire mage flickers and vanishes!
Deactivating autopickup; reactivate with Ctrl-A.
The stone giant hits you!!
You die...

▓.▓'▓.▓.▓.▓)▓
▓.▓.▓.▓.▓[▓.▓)▓
▓.▓.▓.▓.▓.▓.▓.▓
▓.▓.▓.▓.▓.▓.▓.▓
▓.▓.▓)▓.▓'▓.▓.▓
▓i▓.▓)▓.▓.▓.▓.▓
▓{▓.▓∩▓.▓(▓.▓.▓
▓C▓.▓.▓.▓[▓.▓'▓
▓@▓.▓∩▓.▓.▓.▓.▓
▓)▓.▓.▓.▓.▓.▓.▓
▓.▓.▓∩▓.▓.▓.▓.▓
▓(▓.▓.▓.▓.▓.▓[▓
▓)▓.▓∩▓.▓.▓.▓.▓
▓†▓.▓.▓.▓.▓.▓.▓
▓)▓.▓.▓.▓.▓.▓)▓
▓)▓.▓.▓.▓.▓.▓?▓
▓)▓.▓.▓.▓†▓.▓.▓


You could see a stone giant and a spriggan berserker (regenerating,
strong-willed).

Vanquished Creatures
  An ettin (D)
  2 ice dragons (D)
  3 hydras (D)
  An ogre mage (D)
  A two-headed ogre (D)
  A centaur warrior (D)
  2 tengu warriors (D)
  6 orc high priests (D)
  11 orc knights (D)
  A cyclops (D)
  2 manticores (D)
  3 cane toads (D)
  2 elephants (D)
  An efreet (D)
  2 yaktaurs (D)
  An unseen horror (shapeshifter) (D)
  2 komodo dragons (D)
  2 trolls (D)
  A meliai (D)
  6 blink frogs (D)
  A slime creature (D)
  A dream sheep (D)
  2 wyverns (D)
  3 yaks (D)
  Grum (D)
  3 water moccasins (D)
  9 orc warriors (D)
  3 wolves (D)
  3 bullfrogs (D)
  A scorpion (D)
  A hound (D)
  4 orc wizards (D)
  2 adders (D)
  10 orcs (D)
  A ball python (D)
  2 hobgoblins (D)
  A bat simulacrum (D)
  2 rats (D)
101 creatures vanquished.

Notes
Turn   | Place    | Note
-------+----------+-------------------------------------------
     0 | D        | mhtbhm the Armataur Berserker began the quest for the Orb.
     0 | D        | Reached XP level 1. HP: 19/19 MP: 1/1
     6 | D        | Reached skill level 3 in Maces & Flails
     8 | D        | Reached ** piety under Trog
    45 | D        | Noticed a scorpion
    45 | D        | Noticed a hound
    48 | D        | Killed a hound
    49 | D        | Reached skill level 4 in Maces & Flails
    49 | D        | Reached XP level 2. HP: 29/29 MP: 2/2
    49 | D        | Reached XP level 3. HP: 36/36 MP: 3/3
    53 | D        | Reached *** piety under Trog
    55 | D        | Reached skill level 5 in Maces & Flails
    56 | D        | Killed a scorpion
    57 | D        | Reached skill level 5 in Fighting
    57 | D        | Reached skill level 6 in Maces & Flails
    57 | D        | Reached XP level 4. HP: 47/47 MP: 4/4
    64 | D        | Found a snail-covered altar of Cheibriados.
    64 | D        | Found a shadowy altar of Dithmenos.
    64 | D        | Found a white marble altar of Elyvilon.
    64 | D        | Found a blossoming altar of Fedhas.
    64 | D        | Found an opulent altar of Gozag.
    65 | D        | Found a hazy altar of Hepliaklqana.
    66 | D        | Found a viscous altar of Jiyva.
    67 | D        | Found an ancient bone altar of Kikubaaqudgha.
    68 | D        | Found a corrupted altar of Lugonu.
    69 | D        | Found a burning altar of Makhleb.
    70 | D        | Found a sparkling altar of Nemelex Xobeh.
    71 | D        | Found an iron altar of Okawaru.
    72 | D        | Found a stormy altar of Qazlal.
    73 | D        | Found a sacrificial altar of Ru.
    74 | D        | Found a shimmering blue altar of Sif Muna.
    75 | D        | Found a bloodstained altar of Trog.
    76 | D        | Found a hide-covered altar of Uskayaw.
    77 | D        | Found a radiant altar of Vehumet.
    78 | D        | Found an ornate altar of the Wu Jian Council.
    79 | D        | Found a shimmering altar of Xom.
    80 | D        | Found a basalt altar of Yredelemnul.
    81 | D        | Found a glowing silver altar of Zin.
    82 | D        | Found a glowing golden altar of the Shining One.
   142 | D        | Noticed a yak
   142 | D        | Noticed a troll
   142 | D        | Noticed a two-headed ogre
   142 | D        | Noticed a troll
   142 | D        | Noticed a komodo dragon
   142 | D        | Noticed a wyvern
   149 | D        | Killed a wyvern
   150 | D        | Reached skill level 8 in Maces & Flails
   150 | D        | Reached skill level 1 in Stealth
   150 | D        | Reached XP level 5. HP: 55/55 MP: 5/5
   156 | D        | Killed a komodo dragon
   156 | D        | Reached **** piety under Trog
   157 | D        | Reached skill level 9 in Maces & Flails
   157 | D        | Reached skill level 5 in Armour
   157 | D        | Reached XP level 6. HP: 42/66 MP: 6/6
   180 | D        | Killed a troll
   180 | D        | Killed a troll
   181 | D        | Reached skill level 11 in Maces & Flails
   181 | D        | Reached XP level 7. HP: 45/74 MP: 7/7
   182 | D        | HP: 2/74 [two-headed ogre/+0 giant club (9)]
   183 | D        | Killed a two-headed ogre
   183 | D        | Killed a yak
   183 | D        | Reached ***** piety under Trog
   184 | D        | Reached skill level 10 in Fighting
   184 | D        | Reached skill level 12 in Maces & Flails
   184 | D        | Reached XP level 8. HP: 3/85 MP: 8/8
   444 | D        | Noticed a slime creature
   444 | D        | Noticed a tengu warrior
   444 | D        | Noticed a manticore
   444 | D        | Noticed a meliai
   449 | D        | Killed a meliai
   453 | D        | Killed a manticore
   454 | D        | Reached skill level 13 in Maces & Flails
   454 | D        | Reached XP level 9. HP: 95/95 MP: 9/9
   458 | D        | Killed an unseen horror
   459 | D        | Reached skill level 10 in Armour
   470 | D        | Killed a tengu warrior
   511 | D        | Reached skill level 14 in Maces & Flails
   514 | D        | Received a gift from Trog
   776 | D        | Noticed a cane toad
   776 | D        | Noticed a cane toad
   777 | D        | Noticed a five-headed hydra
   781 | D        | Noticed a komodo dragon
   786 | D        | Killed a cane toad
   787 | D        | Reached XP level 10. HP: 103/103 MP: 10/10
   791 | D        | Killed a five-headed hydra
   794 | D        | Killed a cane toad
   795 | D        | Reached skill level 15 in Maces & Flails
   804 | D        | Received a gift from Trog
   853 | D        | Noticed an elephant
   853 | D        | Noticed a seven-headed hydra
   853 | D        | Noticed an elephant
   860 | D        | Killed an elephant
   862 | D        | Killed a seven-headed hydra
   865 | D        | Noticed a five-headed hydra
   866 | D        | Killed an elephant
   866 | D        | Reached ****** piety under Trog
   870 | D        | Reached skill level 16 in Maces & Flails
   880 | D        | Received a gift from Trog
   882 | D        | Killed a five-headed hydra
   883 | D        | Reached XP level 11. HP: 114/114 MP: 11/11
  1026 | D        | Noticed Grum
  1033 | D        | Reached skill level 15 in Armour
  1042 | D        | Killed Grum
  1043 | D        | Reached skill level 17 in Maces & Flails
  1098 | D        | Noticed an orc knight
  1108 | D        | Killed an orc knight
  1108 | D        | Received a gift from Trog
  1124 | D        | Received a gift from Trog
  1245 | D        | Noticed an orc knight
  1249 | D        | Noticed an orc high priest
  1257 | D        | Killed an orc knight
  1262 | D        | Noticed a sun demon
  1263 | D        | Noticed an orc knight
  1269 | D        | Killed an orc high priest
  1269 | D        | Received a gift from Trog
  1274 | D        | Killed an orc knight
  1448 | D        | Found Bugoufuh's Weapon Boutique.
  1448 | D        | Noticed an orc knight
  1448 | D        | Noticed an orc knight
  1448 | D        | Noticed an orc knight
  1448 | D        | Noticed an orc knight
  1448 | D        | Noticed an orc knight
  1449 | D        | Noticed an orc high priest
  1453 | D        | Noticed an orc high priest
  1454 | D        | Killed an orc knight
  1455 | D        | Noticed an orc knight
  1462 | D        | Killed an orc knight
  1462 | D        | Received a gift from Trog
  1463 | D        | Reached skill level 15 in Fighting
  1463 | D        | Reached skill level 18 in Maces & Flails
  1576 | D        | Killed an orc knight
  1702 | D        | Killed an orc knight
  1733 | D        | Killed an orc high priest
  1747 | D        | Killed an orc high priest
  1784 | D        | Killed an orc knight
  1785 | D        | Reached XP level 12. HP: 97/130 MP: 12/12
  1803 | D        | Noticed an orc high priest
  1823 | D        | Killed an orc high priest
  1823 | D        | Received a gift from Trog
  2106 | D        | Noticed an orc high priest
  2120 | D        | Killed an orc high priest
  2195 | D        | Found Axaehug's Armour Shop.
  2199 | D        | Found Pyemmes's Armour Boutique.
  2203 | D        | Found Neref's Assorted Antiques.
  2208 | D        | Noticed an orc high priest
  2238 | D        | Killed an orc high priest
  2239 | D        | Reached skill level 19 in Maces & Flails
  2388 | D        | Bought a scroll of identify for 56 gold pieces
  2388 | D        | Bought a scroll labelled LOOTEZ VUNI for 28 gold pieces
  2388 | D        | Bought an inky potion for 25 gold pieces
  2398 | D        | Bought a scarf of repulsion for 168 gold pieces
  2570 | D        | Got the +8 great mace of the Crafting Penguin {spect, Will+
                  | Int+2}
  2577 | D        | Got the +1 hat of the Blessed Realm {rPois rF++ Str+2
                  | Dex-3}
  2642 | D        | Noticed a centaur warrior
  2642 | D        | Noticed an ogre mage
  2644 | D        | Killed an ogre mage
  2645 | D        | Reached skill level 5 in Dodging
  2648 | D        | Received a gift from Trog
  2649 | D        | Noticed an ettin
  2651 | D        | Noticed a tengu warrior
  2654 | D        | Killed a centaur warrior
  2655 | D        | Noticed an ice dragon
  2658 | D        | Reached skill level 5 in Evocations
  2658 | D        | Noticed an ice dragon
  2659 | D        | Noticed a stone giant
  2660 | D        | Noticed a vampire mage
  2664 | D        | Killed an ettin
  2666 | D        | Killed a tengu warrior
  2672 | D        | Killed an ice dragon
  2677 | D        | Killed an ice dragon
  2680 | D        | Demolished by a stone giant

Illustrated notes

Levels and vault maps discovered:
D:        linesprint [early_d, line_temple, items_1, d_10, items_2, lair_1,
          lair_end, items_3, orc_1, orc_end, items_4, d_15, swamp_1, shoals_1,
          snake_1, spider_1, d_20, vaults_1, items_5, swamp_end, shoals_end,
          snake_end, spider_end, vaults_end, d_27, items_6, zot_1, zot_end,
          crypt_end, forest_end, elf_end, slime_end, tomb_end, abyss_end,
          pan_hell_end]

Skill      XL: |  1  2  3  4  5  6  7  8  9 10 11 12 |
---------------+-------------------------------------+-----
Fighting       | 4 5 7 8 9 10 11 13 15 17 | 17.5
Maces & Flails | 4 6 8 9 11 12 13 14 16 18 19 | 19.9
Armour         | 3 4 5 7 8 9 11 14 16 18 | 18.3
Dodging        | 2 3 4 5 |  5.1
Stealth        | 1 2 3 4 |  4.5
Evocations     | 2 3 4 5 |  5.0

Action                   |  1- 3 |  4- 6 |  7- 9 | 10-12 || total
-------------------------+-------+-------+-------+-------++-------
Melee: Mace              |    23 |     1 |       |       ||    24
       Tailslap          |     3 |     1 |     6 |    58 ||    68
       Punch             |     1 |       |       |     3 ||     4
       Morningstar       |       |    18 |    49 |   308 ||   375
       Great mace        |       |       |       |    35 ||    35
Invok: Berserk           |     1 |     1 |     2 |     6 ||    10
Evoke: Wand              |       |     3 |     3 |       ||     6
       Phantom mirror    |       |       |       |     1 ||     1
  Use: Potion            |       |     1 |     2 |       ||     3
       Scroll            |       |     1 |       |     1 ||     2
Armor: Animal skin       |     6 |       |       |       ||     6
       Plate armour      |       |    11 |    41 |    66 ||   118
       Chain mail        |       |       |       |    33 ||    33
       Swamp dragon scal |       |       |       |     7 ||     7
Dodge: Dodged            |     8 |     3 |     7 |    60 ||    78

Table legend: (Time is in decaauts)
 A = Elapsed time spent in this place.
 B = Non-inter-level travel time spent in this place.
 C = Inter-level travel time spent in this place.
 D = Time resting spent in this place.
 E = Time spent auto-exploring this place.
 F = Levels seen in this place.
 G = Mean time per level.
                   A        B        C        D        E       F      G
               +--------+--------+--------+--------+--------+-----+--------+
         Total |   2608 |   2608 |      0 |    926 |    595 |   1 | 2608.0 |
       Dungeon |   2608 |   2608 |      0 |    926 |    595 |   1 | 2608.0 |
               +--------+--------+--------+--------+--------+-----+--------+

Top non-repeatable levels by time:
       D: 2608 daAuts
